 Dungeon Crawl Stone Soup version 0.27.0-1-g7a089689b8 (webtiles) character file.

Game seed: 9213689485011497760

23 ZombieSheep the Skirmisher (level 3, 0/33 HPs)
             Began as a Hill Orc Fighter on Aug 1, 2021.
             Slain by Ijyb (2 damage)
             ... on level 3 of the Dungeon.
             The game lasted 00:01:51 (1429 turns).

ZombieSheep the Skirmisher (Hill Orc Fighter)       Turns: 1429, Time: 00:01:52

Health: 0/33       AC:  6    Str: 18    XL:     3   Next: 0%
Magic:  3/3        EV:  9    Int:  8    God:
Gold:   57         SH:  0    Dex: 11    Spells: 2/2 levels left

rFire    . . .     SeeInvis .   a - +0 trident
rCold    . . .     Faith    .   (no shield)
rNeg     . . .     Spirit   .   b - +0 scale mail
rPois    +         Reflect  .   (no helmet)
rElec    .         Harm     .   (no cloak)
rCorr    .         Rampage  .   (no gloves)
Will     .....                  (no boots)
Stlth    ..........             (no amulet)
HPRegen  0.11/turn              f - ring of poison resistance
MPRegen  0.08/turn              (no ring)

@: no status effects
A: no striking features
a: no special abilities


You were on level 3 of the Dungeon.
You visited 1 branch of the dungeon, and saw 3 of its levels.

You collected 57 gold pieces.

Inventory:

Hand Weapons
 a - a +0 trident (weapon)
Armour
 b - a +0 scale mail (worn)
 c - a +0 kite shield
Jewellery
 f - a ring of poison resistance (left hand)
Scrolls
 e - 4 scrolls of teleportation
Potions
 d - a potion of might
 h - a potion of mutation {unknown}
 i - 3 potions of curing


   Skills:
 + Level 4.0 Fighting
 + Level 2.6 Polearms
 + Level 3.6 Armour
 + Level 0.8 Dodging
 - Level 3.2 Shields


You had 2 spell levels left.
You didn't know any spells.
Your spell library contained the following spells:

 Spells                   Type           Power      Damage    Failure   Level
 Blink                    Tloc           N/A        N/A       90%         2
 Lesser Beckoning         Tloc           0%         N/A       99%         3
 Manifold Assault         Tloc           0%         N/A       100%        5


Dungeon Overview and Level Annotations

Branches:
Dungeon (3/15)

Altars:

Shops:
D:2 ?

Annotations:
D:3 Ijyb


Message History

You hit Ijyb but do no damage. Ijyb completely misses you.
You closely miss Ijyb. Ijyb hits you but does no damage.
You hit Ijyb.
Ijyb is lightly wounded.
Ijyb barely misses you.
You barely miss Ijyb.
Ijyb is lightly wounded.
Ijyb barely misses you.
You closely miss Ijyb.
Ijyb is lightly wounded.
Ijyb zaps a wand.
The puff of flame hits you.
You hit Ijyb but do no damage.
Ijyb is lightly wounded.
Ijyb hits you with a +0 dagger.
You hit Ijyb but do no damage.
Ijyb is lightly wounded.
Ijyb hits you but does no damage. x2
You closely miss Ijyb.
Ijyb is lightly wounded.
Ijyb hits you with a +0 dagger.
You closely miss Ijyb.
Ijyb is lightly wounded.
Ijyb hits you with a +0 dagger.
You closely miss Ijyb.
Ijyb is lightly wounded.
Ijyb hits you with a +0 dagger.
You barely miss Ijyb.
Ijyb is lightly wounded.
Ijyb hits you with a +0 dagger.
* * * LOW HITPOINT WARNING * * *
You barely miss Ijyb.
Ijyb is lightly wounded.
Ijyb hits you with a +0 dagger.
* * * LOW HITPOINT WARNING * * *
You hit Ijyb.
Ijyb is moderately wounded.
Ijyb hits you with a +0 dagger.
* * * LOW HITPOINT WARNING * * *
Ijyb hits you with a +0 dagger.
You die...

### ..#
##.###########.#
#.....rgg@.....#
......$######..#
#..###. #.<# .
#. #..# .. #..#
#. #..# .. #..#
#. #..# ....


You could see Ijyb, a hobgoblin and a rat.

Vanquished Creatures
  A worm (D:2)
  4 hobgoblins
  3 jackals (D:3)
  A quokka (D:1)
  6 ball pythons (D:1)
  3 bats (D:1)
  A frilled lizard (D:1)
  A kobold (D:1)
  2 rats
22 creatures vanquished.

Notes
Turn   | Place    | Note
-------+----------+-------------------------------------------
     0 | D:1      | ZombieSheep the Hill Orc Fighter began the quest for the
                  | Orb.
     0 | D:1      | Reached XP level 1. HP: 19/19 MP: 1/1
   340 | D:1      | Reached XP level 2. HP: 26/27 MP: 2/2
   457 | D:1      | Found a faded altar of an unknown god.
   781 | D:2      | Found Dumo's Magic Scroll Shop.
  1396 | D:3      | Noticed Ijyb
  1409 | D:3      | Reached skill level 4 in Fighting
  1411 | D:3      | Reached XP level 3. HP: 26/33 MP: 3/3
  1429 | D:3      | Slain by Ijyb

Illustrated notes

Levels and vault maps discovered:
D:1:      lightli_molten_gateway, layout_rooms,
          shapermc_ecumenical_altar_mp_urbaneastern
D:2:      layout_loops_ring, serial_shops, nicolae_diamond_shop, fountainhead
D:3:      layout_loops_ring, mainiacjoe_overflow_boulevard,
          mainiacjoe_overflow_tiny_flanked, kennysheep_slug_shrine,
          uniq_terence, uniq_ijyb

Skill      XL: |  1  2 |
---------------+-------+-----
Fighting       | 4 |  4.0
Polearms       | |  2.6
Armour         | |  3.6
Dodging        | |  0.8
Shields        | |  3.2

Action                   || total
-------------------------++-------
Melee: Trident           ||   102
  Use: Scroll            ||     5
Armor: Scale mail        ||    42
Dodge: Dodged            ||    52
